 Dungeon Crawl Stone Soup version 0.29-a0-419-g77450f2105 (webtiles) character file.

Game seed: 17774731640822609088

74 Majang the Sneak (level 4, 0/22 HPs)
             Began as a Felid Delver on May 18, 2022.
             Slain by an adder (4 damage)
             ... on level 2 of the Dungeon.
             The game lasted 00:05:00 (1906 turns).

Majang the Sneak (Felid Delver)                     Turns: 1906, Time: 00:05:01

Health: 0/22       AC:  1    Str:  8    XL:     4   Next: 10%
Magic:  5/5        EV: 19    Int: 11    God:
Gold:   87         SH:  0    Dex: 19    Spells: 3/3 levels left
                                        Lives:  0   Deaths: 1

rFire   . . .      SeeInvis +     - Unarmed
rCold   . . .      Faith    .   (shield unavailable)
rNeg    . . .      Spirit   .   (body armour unavailable)
rPois   .          Reflect  .   (helmet unavailable)
rElec   .          Harm     .   (cloak unavailable)
rCorr   .          Rampage  .   (gloves unavailable)
Will    .....                   (boots unavailable)
Stlth   ++++......              (no amulet)
HPRegen 0.07/turn               (no ring)
MPRegen 0.09/turn               (no ring)

@: brilliant, lethally poisoned (0 -> -5), invisible, quick
A: very small, claws 1, fangs 3, see invisible, speed 1, shaggy fur 1, stealthy
paws, no weapons or thrown items, no armour, multi-lived
a: no special abilities


You were on level 2 of the Dungeon.
You visited 1 branch of the dungeon, and saw 5 of its levels.

You collected 87 gold pieces.

Inventory:

Wands
 e - a wand of digging (3)
Scrolls
 a - 3 scrolls of fog
 b - a scroll of magic mapping
 c - 2 scrolls of fear
 f - 3 scrolls of identify {unknown}
 g - 2 scrolls of immolation {unknown}
 h - a scroll of amnesia {unknown}
 i - a scroll of summoning {unknown}
 k - a scroll of blinking {unknown}
 l - a scroll of vulnerability {unknown}


   Skills:
 + Level 3.7 Fighting
 + Level 4.0 Dodging
 + Level 7.3 Stealth
 * Level 3.0 Unarmed Combat
 + Level 0.0 Evocations


You had 3 spell levels left.
You didn't know any spells.
Your spell library was empty.

Dungeon Overview and Level Annotations

Branches:
Dungeon (5/15)
 Temple: D:4-7

Altars:

Shops:
D:4 :

Annotations:
D:2 Jessica
D:5 Pikel


Innate Abilities, Weirdness & Mutations

You have sharp claws.
You have razor-sharp teeth.
You have supernaturally acute eyesight. (SInv)
You cover ground quickly. (Speed+)
You are covered in fur. (AC +1)
Your paws help you pounce on unaware monsters.
You are incapable of wielding weapons or throwing items.
You cannot wear armour.
You gain extra lives every three experience levels.


Message History

You hear an angry hiss.
There is an open door here.
You see here a hobgoblin corpse.
Jessica gestures wildly while chanting.
Jessica blinks!
You scratch the orc but do no damage. The orc closely misses you.
You scratch the orc but do no damage. The orc completely misses you.
Jessica gestures wildly while chanting.
Jessica blinks!
You scratch the orc.
The orc is severely wounded.
You closely miss the orc.
The orc is severely wounded.
The orc closely misses you.
You scratch the orc but do no damage.
The orc is severely wounded.
The orc hits you with a +0 short sword.
You closely miss the orc.
The orc is severely wounded.
The orc hits you with a +0 short sword.
You closely miss the orc. Your bite misses the orc.
The orc is severely wounded.
The orc misses you.
You scratch the orc but do no damage. You bite the orc.
You kill the orc!
You completely miss the adder. The adder bites you.
You closely miss the adder. The adder misses you.
Jessica gestures wildly while chanting.
Jessica blinks!
The adder bites you.
You are lethally poisoned!
The adder poisons you!
It was a potion of invisibility.
You fade into invisibility!
* * * LOW HITPOINT WARNING * * *
You feel sick. The adder misses you.
It was a potion of brilliance.
You feel clever all of a sudden.
* * * LOW HITPOINT WARNING * * *
You feel sick. The adder bites you.
You die...

##..# #.....# #.l.# #.###.#
#.o.# #.###.## ######.oo#
###.#....# .......o
#...#|#..# ####.....
#.###.#### ........# #####.#
#.....
........########.....#######.
........oooS@........)..## #.
........########.######..###.
[........ ........).>...>
....##### ###+#######..#.#
.... ##.#.# ..# #.#.# ..
#.#.# #...# ##..#


You could see an adder (can't see you) and 3 orcs.

Vanquished Creatures
  A scorpion (D:5)
  An adder (D:5)
  A worm (D:5)
  A dart slug (D:1)
  An orc (D:2)
  5 ball pythons
  A bat (D:1)
  4 endoplasms (D:1)
  A giant cockroach (D:1)
  2 goblins (D:1)
  6 hobgoblins
  4 jackals (D:1)
  4 quokkas (D:1)
  2 frilled lizards
  2 kobolds
  3 rats (D:1)
39 creatures vanquished.

Notes
Turn   | Place    | Note
-------+----------+-------------------------------------------
     0 | D:5      | Majang the Felid Delver began the quest for the Orb.
     0 | D:5      | Reached XP level 1. HP: 10/10 MP: 2/2
    31 | D:5      | Noticed a scorpion
    38 | D:5      | Noticed a necrophage
    39 | D:5      | Killed a scorpion
    40 | D:5      | Reached skill level 7 in Stealth
    40 | D:5      | Reached XP level 2. HP: 14/14 MP: 3/3
    40 | D:5      | Reached XP level 3. HP: 17/17 MP: 4/4
    50 | D:5      | Noticed a water moccasin
    63 | D:5      | Reached XP level 4. HP: 21/21 MP: 5/5
   110 | D:5      | Noticed a centaur
   110 | D:5      | Noticed Pikel
   113 | D:4      | Noticed a scorpion
   123 | D:4      | HP: 1/21 [poisoned by a scorpion]
   124 | D:4      | Succumbed to a scorpion's poison
   125 | D:4      | Reached XP level 3. HP: 0/17 MP: 4/4
   127 | D:4      | Found Ikkaibiwi's Book Shoppe.
   636 | D:1      | Found a faded altar of an unknown god.
  1318 | D:1      | Reached XP level 4. HP: 12/22 MP: 5/5
  1886 | D:2      | Noticed Jessica
  1906 | D:2      | Slain by an adder

Illustrated notes

Levels and vault maps discovered:
D:1:      lemuel_arrival_room, layout_basic,
          shapermc_ecumenical_altar_mp_highgroup
D:2:      layout_basic, serial_shops, nicolae_square_shop,
          minmay_misc_feat_five, uniq_sigmund, uniq_jessica
D:3:      layout_loops_ring, nicolae_qazlal_style_of_elements,
          mainiacjoe_overflow_24_doors, nicolae_dithmenos_through_a_glass_darkly
D:4:      layout_loops_cross, temple_hall, serial_shops, nicolae_shop_crystal,
          uniq_natasha
D:5:      layout_cave_pools, kennysheep_another_room,
          chequers_serial_rivers_micro_d, uniq_pikel, uniq_menkaure

Skill      XL: |  1  2  3 |
---------------+----------+-----
Dodging        | 3 4 |  4.0
Stealth        | 7 |  7.3
Unarmed Combat | 3 |  3.0
Fighting       | |  3.7

Action                   |  1- 3 |  4- 6 || total
-------------------------+-------+-------++-------
Melee: Unarmed           |    87 |    25 ||   112
       Bite              |     9 |     2 ||    11
  Use: Potion            |       |     3 ||     3
 Stab: Sleeping          |    15 |     1 ||    16
Dodge: Dodged            |    49 |    16 ||    65

Table legend: (Time is in decaauts)
 A = Elapsed time spent in this place.
 B = Non-inter-level travel time spent in this place.
 C = Inter-level travel time spent in this place.
 D = Time resting spent in this place.
 E = Time spent auto-exploring this place.
 F = Levels seen in this place.
 G = Mean time per level.
                   A        B        C        D        E       F      G
               +--------+--------+--------+--------+--------+-----+--------+
         Total |   1701 |   1661 |     40 |    771 |    477 |   5 |  340.2 |
       Dungeon |   1701 |   1661 |     40 |    771 |    477 |   5 |  340.2 |
               +--------+--------+--------+--------+--------+-----+--------+

Top non-repeatable levels by time:
     D:1: 1345 daAuts
     D:2: 223 daAuts
     D:5: 92 daAuts
     D:4: 34 daAuts
     D:3: 5 daAuts
